 Dungeon Crawl Stone Soup version 0.25-a0-558-g78a2afb0af (webtiles) character file.

Game seed: 2557023920610081090, levelgen mode: classic

17132 EnegeticOcto the Cleaver (level 12, 59/115 HPs)
             Began as a Deep Dwarf Fighter on Feb 24, 2020.
             Was a Priest of Makhleb.
             Quit the game on level 2 of the Lair of Beasts.
             The game lasted 00:07:19 (8120 turns).

EnegeticOcto the Cleaver (Deep Dwarf Fighter)       Turns: 8120, Time: 00:07:19

Health: 59/115     AC: 26    Str: 27    XL:     12   Next: 16%
Magic:  8/8        EV: 13    Int:  9    God:    Makhleb [***...]
Gold:   470        SH: 12    Dex: 12    Spells: 11/11 levels left

rFire    + . .     SeeInvis .   D - +1 hand axe (distort)
rCold    . . .     Gourm    .   J - +0 kite shield {AC+3}
rNeg     . . .     Faith    .   c - +4 chain mail {MR+}
rPois    .         Spirit   .   o - +1 helmet
rElec    .         Reflect  .   x - scarf {repulsion}
rCorr    .         Harm     .   t - +2 pair of gloves
MR       ++...                  G - +1 pair of boots {run}
Stlth    ..........             (no amulet)
HPRegen  0.00/turn              (no ring)
MPRegen  0.11/turn              (no ring)

@: non-regenerating, repel missiles, quick
A: damage resistance, heal wounds, repulsion field 1, fire resistance 1, sense
surroundings 2, strong 1, no regeneration
a: Heal Wounds, Minor Destruction, Lesser Servant of Makhleb, Renounce Religion


You were on level 2 of the Lair of Beasts.
You worshipped Makhleb.
Makhleb was most pleased with you.
You were not hungry.

You visited 3 branches of the dungeon, and saw 14 of its levels.

You collected 788 gold pieces.
You spent 318 gold pieces at shops.

Inventory:

Hand Weapons
 a - a +1 war axe
 D - a +1 hand axe of distortion (weapon)
Missiles
 f - 7 throwing nets (quivered)
Armour
 c - a +4 chain mail of magic resistance (worn)
 h - a +0 chain mail
 o - a +1 helmet (worn)
 t - a +2 pair of gloves (worn)
 x - a scarf of repulsion (worn)
 G - a +1 pair of boots of running (worn)
 J - a +0 kite shield of protection (worn)
Jewellery
 w - a cursed ring of attention {unknown}
Wands
 b - a wand of flame (29)
 y - a wand of polymorph (34)
 E - a wand of clouds (3)
 H - a wand of paralysis (6)
Scrolls
 d - 3 scrolls of blinking {@r3}
 n - 5 scrolls of remove curse {@r6}
 r - 2 scrolls of immolation {@r4}
 z - a scroll of enchant armour
 B - a scroll of fear
 C - 4 scrolls of teleportation {@r2}
Potions
 g - 6 potions of curing {@q1}
 i - 4 potions of haste {@q4}
 j - 2 potions of stabbing {@q5}
 k - 3 potions of might {@q3}
 l - 5 potions of ambrosia
 m - 2 potions of resistance {@q6}
 p - 2 potions of mutation
 q - 3 potions of lignification {@q7}
 s - 2 potions of heal wounds {@q2}
 u - a potion of brilliance
 v - 4 potions of magic
 A - 2 potions of flight
 F - a potion of cancellation
Miscellaneous
 I - a phantom mirror
Comestibles
 e - 18 rations
 K - 3 chunks of flesh


   Skills:
 * Level 9.6 Fighting
 * Level 10.9 Axes
 + Level 8.4 Armour
 + Level 7.5 Dodging
 + Level 8.4 Shields
 * Level 10.3 Invocations


You had 11 spell levels left.
You didn't know any spells.
Your spell library was empty.

Dungeon Overview and Level Annotations

Branches:
Dungeon (11/15)            Temple (1/1) D:6            Lair (2/6) D:10
    Orc (0/2) D:11
  Swamp: Lair:2-4    Shoals: Lair:2-4     Snake: Lair:2-4    Spider: Lair:2-4

Altars:
Ashenzari
Cheibriados
Dithmenos
Elyvilon
Fedhas
Gozag
Hepliaklqana
Kikubaaqudgha
Makhleb
Nemelex Xobeh
Okawaru
Qazlal
Ru
Sif Muna
Trog
Uskayaw
Vehumet
Wu Jian
Xom
Yredelemnul
Zin
The Shining One

Shops:
D:4 *   D:8 [}[

Annotations:
D:6 Prince Ribbit
Abyss:1 Fannar


Innate Abilities, Weirdness & Mutations

You are resistant to damage.
You can heal yourself by infusing magical energy.
You passively map the area around you.
You do not regenerate.
You are surrounded by a mild repulsion field. (EV +2)
Your flesh is heat resistant. (rF+)
Your muscles are strong. (Str +2)


Message History

A hippogriff is nearby!
A hippogriff is nearby!
A hippogriff is nearby!
The hippogriff closely misses you.
The hippogriff pecks you but does no damage.
The hippogriff claws you but does no damage.
You hit the hippogriff.
The hippogriff is heavily wounded.
The hippogriff disappears!
You are no longer poisoned.
A blink frog comes into view.
The blink frog croaks.
A blink frog is nearby!
A blink frog is nearby!
A blink frog is nearby!
A blink frog comes into view.
The blink frog croaks.
You hear a loud, deep croak!
The blink frog blinks! x2
A blink frog comes into view. x2
There are monsters nearby!
There are monsters nearby!
There are monsters nearby!
There are monsters nearby!
The blink frog gives a loud, deep croak!
The blink frog hits you but does no damage.
You hit the blink frog but do no damage.
The blink frog disappears!
Your chain mail prevents you from hitting the blink frog.
You block the blink frog's attack.
You miss the blink frog. The blink frog closely misses you.
You closely miss the blink frog.
The blink frog hits you but does no damage.
The blink frog blinks!
You closely miss the blink frog. You hit the blink frog.
Space bends around the blink frog.
The blink frog misses you. You block the blink frog's attack.
You closely miss the blink frog.
The blink frog is lightly wounded.
You hit the blink frog but do no damage.
Space warps horribly around the blink frog!!
The blink frog closely misses you.
The blink frog hits you but does no damage.
You closely miss the blink frog.
The blink frog is severely wounded.
You hit the blink frog.
The blink frog is devoured by a tear in reality.
You miss the blink frog. You block the blink frog's attack.
The blink frog completely misses you.
You closely miss the blink frog.
The blink frog is severely wounded.
You miss the blink frog. The blink frog closely misses you.
The blink frog hits you!
You hit the blink frog.
Space warps horribly around the blink frog!
You kill the blink frog!
Makhleb accepts your kill.
You hit the blink frog.
Space warps horribly around the blink frog!
The blink frog hits you but does no damage.
You closely miss the blink frog.
The blink frog is moderately wounded.
You block the blink frog's attack.
A blink frog is nearby!
A blink frog is nearby!
A blink frog is nearby!
A blink frog is nearby!
A blink frog is nearby!
You slash the blink frog!
The blink frog is heavily wounded.
The blink frog barely misses you.
You miss the blink frog.
The blink frog is heavily wounded.
You block the blink frog's attack.
The blink frog hits you but does no damage.
You barely miss the blink frog.
The blink frog is heavily wounded.
The blink frog blinks!
The blink frog blinks!
A blink frog is nearby!
A blink frog is nearby!
A blink frog is nearby!
A blink frog is nearby!
A blink frog is nearby!
A blink frog is nearby!
A blink frog is nearby!
The blink frog closely misses you.
You closely miss the blink frog.
The blink frog is heavily wounded.
The blink frog blinks!
You closely miss the blink frog.
The blink frog is heavily wounded.
The blink frog blinks!
The blink frog hits you but does no damage.
There are monsters nearby!
There are monsters nearby!
There are monsters nearby!
There are monsters nearby!
There are monsters nearby!
There are monsters nearby!
Are you sure you want to abandon this character and quit the game? (Confirm with "yes".)

#......#.......#P......#
##.......##....##.....###
#.......................#
.......................##
................#.....##
...#...P..#....#.#.....#
....#..#..#...........##
.........F.............#
.......#.##§...F@.....##
........ #.........†...#
........ ##..#..#......#
....P. ,#.. ##..$....##
......, *., #..P.....#
...... , #........#
...... ..#.#P....# ......
* ..........# ......
,,,.........#


You could see 2 blink frogs.

Vanquished Creatures
  Harold (D:7)
  2 centaur warriors (D:11)
  2 two-headed ogres
  A wolf spider (D:11)
  A cyclops (D:11)
  An ugly thing (D:11)
  A spiny frog (Lair:2)
  A gargoyle (D:11)
  A hornet (D:9)
  A hippogriff (D:9)
  A blink frog (Lair:2)
  Sigmund (D:5)
  A wyvern (D:9)
  3 hogs (D:7)
  15 yaks
  A human (D:7)
  A hungry ghost (D:9)
  A steam dragon (D:10)
  A basilisk (Lair:1)
  Menkaure (D:6)
  Edmund (D:6)
  A soldier ant (D:11)
  A warg (D:11)
  2 water moccasins
  3 porcupines (D:10)
  Duvessa (D:4)
  3 orc warriors
  7 ice beasts
  3 sky beasts
  3 black bears
  A phantom (D:5)
  5 ogres
  3 centaurs
  7 crocodiles
  A big kobold (D:10)
  4 bullfrogs
  A wyvern zombie (D:10)
  Dowan (D:4)
  7 scorpions
  A water moccasin skeleton (D:8)
  5 killer bees (D:10)
  3 wights (D:7)
  A howler monkey (D:10)
  2 crimson imps (D:5)
  A centaur zombie (D:11)
  6 hounds
  10 orc wizards
  3 jellies
  2 quasits
  3 centaur skeletons
  4 orc priests
  Jessica (D:2)
  Terence (D:3)
  An iguana (D:9)
  Ijyb (D:4)
  5 worker ants
  Robin (D:4)
  A worker ant zombie (D:5)
  9 adders
  24 gnolls
  4 shadow imps
  An ooze (D:1)
  An adder zombie (D:8)
  2 worms (D:6)
  A dart slug (D:5)
  6 leopard geckos
  28 orcs
  A ball python (D:2)
  3 giant cockroaches
  18 goblins
  6 hobgoblins
  11 jackals
  4 quokkas
  4 bats
  4 frilled lizards
  9 kobolds
  A leopard gecko skeleton (D:4)
  2 quokka skeletons (D:8)
  5 rats
  A spectral orc (D:5)
290 creatures vanquished.

Vanquished Creatures (others)
  A hydra (D:11)
  A manticore (D:11)
  A troll (D:11)
  A blink frog (Lair:2)
  A yak (D:11)
  An orc priest (D:11)
  2 plants (D:10)
8 creatures vanquished.

Grand Total: 298 creatures vanquished

Notes
Turn   | Place    | Note
-------+----------+-------------------------------------------
     0 | D:1      | EnegeticOcto the Deep Dwarf Fighter began the quest for the
                  | Orb.
     0 | D:1      | Reached XP level 1. HP: 20/20 MP: 1/1
   134 | D:1      | Reached XP level 2. HP: 16/27 MP: 2/2
   360 | D:2      | Reached XP level 3. HP: 34/34 MP: 3/3
   368 | D:2      | Reached skill level 1 in Dodging
   372 | D:2      | Reached XP level 4. HP: 39/42 MP: 3/3
   520 | D:2      | Reached XP level 5. HP: 21/49 MP: 4/4
   542 | D:2      | Found an ornate altar of the Wu Jian Council.
   547 | D:2      | Found a hide-covered altar of Uskayaw.
   580 | D:2      | Noticed Jessica
   584 | D:2      | Killed Jessica
   696 | D:3      | Found an opulent altar of Gozag.
   888 | D:3      | Noticed Terence
   897 | D:3      | Killed Terence
   938 | D:4      | Noticed Ijyb
   972 | D:4      | Noticed Dowan
   973 | D:4      | Noticed Duvessa
   994 | D:4      | Killed Duvessa
   994 | D:4      | Reached XP level 6. HP: 55/57 MP: 3/3
  1001 | D:4      | Killed Ijyb
  1013 | D:4      | Killed Dowan
  1020 | D:4      | Noticed Robin
  1032 | D:4      | Killed Robin
  1280 | D:4      | Reached skill level 5 in Axes
  1280 | D:4      | Reached XP level 7. HP: 50/66 MP: 4/4
  1284 | D:4      | Found Fusmih's Assorted Antiques.
  1299 | D:4      | Bought a scroll labeled WESELI LID ROD for 17 gold pieces
  1299 | D:4      | Bought a shiny gilded ring for 85 gold pieces
  1631 | D:4      | Gained mutation: Your spells are a little harder to cast,
                  | but a little more powerful. [potion of mutation]
  1631 | D:4      | Gained mutation: You are surrounded by a mild repulsion
                  | field. (EV +2) [potion of mutation]
  1655 | D:5      | Entered Level 5 of the Dungeon
  1656 | D:5      | Lost mutation: Your spells are a little harder to cast, but
                  | a little more powerful. [potion of mutation]
  1656 | D:5      | Gained mutation: Your flesh is heat resistant. (rF+)
                  | [potion of mutation]
  1656 | D:5      | Gained mutation: Your muscles are strong. (Str +2) [potion
                  | of mutation]
  1706 | D:5      | Reached skill level 5 in Fighting
  1843 | D:5      | Noticed Sigmund
  1851 | D:5      | Reached skill level 5 in Armour
  1851 | D:5      | Reached skill level 5 in Shields
  1851 | D:5      | Reached XP level 8. HP: 32/75 MP: 5/5
  1881 | D:5      | Killed Sigmund
  1954 | D:5      | Found a basalt altar of Yredelemnul.
  2104 | D:5      | Found a glowing silver altar of Zin.
  2115 | D:5      | Found a white marble altar of Elyvilon.
  2116 | D:5      | Found a glowing golden altar of the Shining One.
  2333 | D:6      | Found a staircase to the Ecumenical Temple.
  2391 | D:6      | Noticed Edmund
  2416 | D:6      | Killed Edmund
  2441 | Temple   | Entered the Ecumenical Temple
  2446 | Temple   | Became a worshipper of Makhleb the Destroyer
  2506 | D:6      | Noticed Prince Ribbit
  2620 | D:6      | Noticed Menkaure
  2640 | D:6      | Killed Menkaure
  2640 | D:6      | Reached skill level 1 in Invocations
  2959 | D:7      | Gained mutation: You passively map the area around you.
                  | [Deep Dwarf growth]
  2959 | D:7      | Reached XP level 9. HP: 38/85 MP: 3/3
  3023 | D:7      | Found a sparkling altar of Nemelex Xobeh.
  3104 | D:7      | Reached * piety under Makhleb
  3112 | D:7      | Reached skill level 5 in Dodging
  3171 | D:7      | Found a shadowy altar of Dithmenos.
  3185 | D:7      | Noticed Harold
  3218 | D:7      | Killed Harold
  3218 | D:7      | Reached skill level 5 in Invocations
  3373 | D:7      | Reached XP level 10. HP: 91/94 MP: 5/5
  3695 | D:7      | Found a hazy altar of Hepliaklqana.
  3781 | D:8      | Found Boubbef's Antique Armour Shop.
  3792 | D:8      | Bought a glowing scarf for 216 gold pieces
  3798 | D:8      | Found Byeren's Gadget Shop.
  3928 | D:8      | Found a bloodstained altar of Trog.
  4357 | D:8      | Found Opydar's Armour Boutique.
  4450 | D:8      | Reached ** piety under Makhleb
  5324 | D:9      | Got a scorched garnet amulet
  5348 | D:9      | Found a stormy altar of Qazlal.
  5557 | D:9      | Paralysed by a hornet for 3 turns
  5571 | D:9      | Paralysed by a hornet for 2 turns
  5675 | D:9      | Identified a +1 pair of boots of running (You found it on
                  | level 9 of the Dungeon)
  5675 | D:9      | Identified the amulet of Butchery {Fragile +Rage +Fly rF+
                  | Int+9} (You found it on level 9 of the Dungeon)
  5866 | D:10     | Entered Level 10 of the Dungeon
  6049 | D:10     | Noticed a two-headed ogre
  6068 | D:10     | Killed a two-headed ogre
  6068 | D:10     | Reached XP level 11. HP: 78/104 MP: 5/7
  6254 | D:10     | Found a staircase to the Lair.
  6561 | D:11     | Noticed a two-headed ogre
  6578 | D:11     | Killed a two-headed ogre
  6578 | D:11     | Reached skill level 10 in Axes
  6660 | D:11     | Reached *** piety under Makhleb
  6710 | D:11     | Noticed a centaur warrior
  6746 | D:11     | Found a staircase to the Orcish Mines.
  6792 | D:11     | Noticed a wolf spider
  6806 | D:11     | Killed a centaur warrior
  6808 | D:11     | Killed a wolf spider
  6826 | D:11     | Noticed a seven-headed hydra
  6826 | D:11     | Noticed a green ugly thing
  6827 | D:11     | Noticed a centaur warrior
  6833 | D:11     | Banished an 11-headed hydra
  6848 | D:11     | Killed a green ugly thing
  7121 | D:11     | Killed a centaur warrior
  7198 | D:11     | Reached skill level 10 in Invocations
  7400 | D:11     | Reached XP level 12. HP: 95/115 MP: 8/8
  7481 | Lair:1   | Entered Level 1 of the Lair of Beasts
  7525 | Lair:1   | Noticed Fannar
  7537 | Lair:1   | Banished Fannar
  7663 | Lair:1   | Noticed a five-headed hydra
  8120 | Lair:2   | Quit the game

Levels and vault maps discovered:
D:1:      denvon_arrival_planthouse, layout_basic, minmay_misc_feat_tiny
D:2:      layout_rooms, grunt_temple_overflow_open, uniq_jessica
D:3:      layout_basic, nicolae_gozag_seed_capital,
          hangedman_decor_diamond_cutter, uniq_terence
D:4:      layout_rooms, serial_shops, nicolae_shop_trees, first_ration,
          minmay_hedge_maze, uniq_duvessa, uniq_ijyb, uniq_robin
D:5:      layout_rooms, good_gods_temple_1, yredelemnul_forgotten_temple_becter,
          uniq_sigmund
D:6:      layout_basic, minmay_temple_entry_ruins, hangedman_glass_teeth,
          uniq_prince_ribbit1, uniq_menkaure, uniq_edmund
D:7:      layout_cave_pools, nicolae_dithmenos_shadow_blocks,
          overflow_temple_1_default, nicolae_overflow_hidden_temple,
          grunt_livestock, grunt_ministairs_6, uniq_harold
D:8:      layout_basic, serial_shops, shop_fountains, shop, shop,
          trog_ov_bears_minmay
D:9:      layout_basic, lemuel_doored_altar, minmay_misc_feat_rows
D:10:     layout_loops_cross, minmay_lair_entry_grove
D:11:     minmay_cut_squares, layout_basic, david_orc_3,
          kennysheep_decorative_pillar
Temple:   minmay_freezing_vapour_temple
Lair:1:   layout_regular_city, uniq_fannar
Lair:2:   minmay_lair_oklob_tunnel, layout_gridlike, ebering_ghost_inner_flame,
          grunt_megastairs_1

Skill      XL: |  1  2  3  4  5  6  7  8  9 10 11 |
---------------+----------------------------------+-----
Fighting       | 3 4 5 6 7 8 9 |  9.6
Axes           | 3 4 5 7 8 9 10 | 10.9
Dodging        | 1 2 3 4 5 6 7 |  7.5
Armour         | 4 5 6 7 8 |  8.4
Shields        | 4 5 6 7 8 |  8.4
Invocations    | 2 5 8 10 | 10.3

Action                   |  1- 3 |  4- 6 |  7- 9 | 10-12 || total
-------------------------+-------+-------+-------+-------++-------
Melee: War axe           |    61 |   173 |   397 |   471 ||  1102
       Hand axe          |       |       |       |   223 ||   223
Throw: Throwing net      |       |       |     3 |       ||     3
 Abil: Heal Wounds       |     4 |     6 |    21 |    13 ||    44
  Use: Scroll            |       |    10 |     6 |     7 ||    23
       Potion            |       |       |     2 |       ||     2
  Eat: Chunk             |       |     2 |     8 |    11 ||    21
       Ration            |       |       |       |     5 ||     5
Armor: Scale mail        |    37 |   110 |       |       ||   147
       Chain mail        |       |     6 |   186 |   358 ||   550
Dodge: Dodged            |    20 |    66 |   148 |   381 ||   615
       Deflected         |       |       |       |    14 ||    14
Block: Kite shield       |    49 |   130 |   192 |   442 ||   813

Table legend:
 A = Non-vault XP
 B = Vault XP
 C = Vault XP percentage of total XP
 D = Non-vault monster count
 E = Vault monster count
 F = Vault count percentage of total count
                 A         B        C        D         E       F
            +---------+---------+-------+---------+---------+-------
      Total |   14472 |   10003 |  40.9 |     231 |      66 |  22.2
            +---------+---------+-------+---------+---------+-------
        D:1 |      33 |       0 |   0.0 |      17 |       0 |   0.0
        D:2 |     199 |      37 |  15.7 |      29 |       1 |   3.3
        D:3 |      21 |      36 |  63.2 |      12 |       1 |   7.7
        D:4 |     228 |     292 |  56.2 |      12 |      14 |  53.8
        D:5 |     761 |     224 |  22.7 |      21 |       2 |   8.7
        D:6 |     314 |     341 |  52.1 |      16 |       2 |  11.1
        D:7 |    1056 |    3177 |  75.1 |      25 |      16 |  39.0
        D:8 |    1191 |     248 |  17.2 |      23 |       2 |   8.0
        D:9 |    1901 |       0 |   0.0 |      24 |       0 |   0.0
       D:10 |    2077 |    1625 |  43.9 |      18 |      12 |  40.0
       D:11 |    5181 |    3381 |  39.5 |      26 |      15 |  36.6
     Lair:1 |     300 |     642 |  68.2 |       2 |       1 |  33.3
     Lair:2 |    1210 |       0 |   0.0 |       6 |       0 |   0.0
            +---------+---------+-------+---------+---------+-------
